 Dungeon Crawl Stone Soup version 0.30-a0-394-g3e4acdb0ae (webtiles) character file.

Game seed: 17529833621563569441

6969 Alacron the Severer (level 10, -7/136 HPs)
             Began as a Minotaur Berserker on Dec 6, 2022.
             Was a High Priest of Trog.
             Mangled by a skeletal warrior
             ... wielding a +0 short sword
              (13 damage)
             ... on level 11 of the Dungeon.
             The game lasted 00:39:56 (9593 turns).

Alacron the Severer (Minotaur Berserker)            Turns: 9593, Time: 00:39:56

Health: -7/136     AC: 20    Str: 26    XL:     10   Next: 81%
Magic:  9/9        EV:  8    Int:  4    God:    Trog [*****.]
Gold:   625        SH:  0    Dex: 10    Spells: 9/9 levels left

rFire   x . .      SeeInvis .    G - +0 executioner's axe (vamp)
rCold   . . .      Faith    .    (shield currently unavailable)
rNeg    . . .      Spirit   .    g - +5 plate armour
rPois   .          Reflect  .    (helmet restricted)
rElec   .          Harm     .    (no cloak)
rCorr   .          Rampage  .    (no gloves)
Will    .....                    (no boots)
Stlth   ..........               (no amulet)
HPRegen 0.42/turn                (no ring)
MPRegen 0.11/turn                (no ring)

@: berserking, very quick
A: horns 2, retaliatory headbutt, iridescent scales 1, heat vulnerability 1
a: Renounce Religion, Berserk, Trog's Hand, Brothers in Arms


You were on level 11 of the Dungeon.
You worshipped Trog.
Trog was extremely pleased with you.
You visited 2 branches of the dungeon, and saw 12 of its levels.
You also visited: Sewer and Ossuary.

You collected 625 gold pieces.

Inventory:

Hand Weapons
 v - a +6 hand axe of chaos
 G - a +0 vampiric executioner's axe (weapon)
Armour
 g - a +5 plate armour (worn)
 F - a +0 plate armour
Jewellery
 C - a ring of willpower
 D - an amulet of faith
Wands
 k - a wand of light (8)
 o - a wand of mindburst (14)
 p - a wand of polymorph (12)
 E - a wand of iceblast (7)
Scrolls
 a - a scroll of identify
 c - 2 scrolls of immolation
 d - 6 scrolls of teleportation
 f - a scroll of acquirement {unknown}
 m - 3 scrolls of blinking
 t - a scroll of vulnerability
 u - 5 scrolls of fog
 z - 3 scrolls of poison
 A - a scroll of silence
Potions
 b - 3 potions of heal wounds
 e - 7 potions of flight
 i - 2 potions of berserk rage
 j - 2 potions of might
 l - 7 potions of curing
 w - a potion of haste
 B - a potion of lignification


   Skills:
 * Level 9.0 Fighting
 + Level 15.7 Axes
 + Level 8.6 Armour
 - Level 3.0 Dodging
 - Level 0.5 Stealth
 + Level 2.3 Unarmed Combat


You had 9 spell levels left.
You didn't know any spells.
Your spell library was empty.

Dungeon Overview and Level Annotations

Branches:
Dungeon (11/15)            Temple (1/1) D:5           Sewer (visited)
Ossuary (visited)
   Lair: D:8-11         Orc: D:9-12

Altars:
Ashenzari
Cheibriados
Dithmenos
Elyvilon
Fedhas
Gozag
Hepliaklqana
Kikubaaqudgha
Makhleb
Nemelex Xobeh
Okawaru
Qazlal
Ru
Sif Muna
Trog
Uskayaw
Vehumet
Wu Jian
Xom
Yredelemnul
Zin
The Shining One

Shops:
D:1 *   D:3 *   D:7 =


Innate Abilities, Weirdness & Mutations

You have a pair of horns on your head.
You reflexively headbutt those who attack you in melee.
You are partially covered in iridescent scales. (AC +2)
You are vulnerable to heat. (rF-)


Message History

The skeletal warrior hits you with a +0 short sword.
You slice the skeletal warrior!!
The skeletal warrior is heavily damaged.
You slash the skeletal warrior!
The skeletal warrior is heavily damaged.
You hit the skeletal warrior but do no damage.
The skeletal warrior hits you with a +0 short sword!
The skeletal warrior hits you with a +0 battleaxe!!
You closely miss the skeletal warrior.
The skeletal warrior is heavily damaged.
You barely miss the skeletal warrior. The skeletal warrior barely misses you.
You furiously retaliate!
You headbutt the skeletal warrior.
The skeletal warrior hits you with a +0 battleaxe.
You slash the skeletal warrior!
You headbutt the skeletal warrior, but do no damage.
The skeletal warrior is severely damaged.
You hit the skeletal warrior.
The skeletal warrior hits you with a +0 short sword.
The skeletal warrior barely misses you. You furiously retaliate!
You headbutt the skeletal warrior.
A red film seems to cover your vision as you go berserk!
You feel yourself moving faster!
You feel mighty!
The skeletal warrior hits you with a +0 short sword!
* * * LOW HITPOINT WARNING * * *
The skeletal warrior hits you with a +0 battleaxe!!
* * * LOW HITPOINT WARNING * * *
You are too berserk!
You are too berserk!
You barely miss the skeletal warrior.
The skeletal warrior is severely damaged.
You barely miss the skeletal warrior.
The skeletal warrior hits you with a +0 short sword.
* * * LOW HITPOINT WARNING * * *
The skeletal warrior misses you.
You slash the skeletal warrior!
Your headbutt misses the skeletal warrior.
The skeletal warrior is almost destroyed.
You hit the skeletal warrior.
The skeletal warrior hits you with a +0 short sword!
You die...

#. #.....###......# #.##
#.......#......# #...
......#.......#......#....#...
......##......#......#....#...
>...<..#......#......#....###.
.......#......#......#......#.
.......#......#......# .....#.
.......#....z@#......####...#.
.......######z#.........#...#.
........z...zz..........###'#.
..............................
..............................
..........##########......####
..........# #......# #
..........# ########
..........#


You could see 4 skeletal warriors.

Vanquished Creatures
  Pikel (D:7)
  An unseen horror (D:10)
  A kobold demonologist (D:10)
  2 trolls
  A hornet (D:9)
  Sigmund (D:3)
  5 wyverns
  2 acid dragons
  An ice beast (D:7)
  3 sky beasts
  2 black bears
  An orc warrior (D:11)
  An ogre (D:7)
  4 lemures (D:7)
  11 centaurs
  A phantom (D:4)
  A bullfrog (D:8)
  6 kobold brigands
  2 water moccasin zombies (Ossuary)
  5 scorpions
  3 wights (D:7)
  6 killer bees (D:8)
  2 howler monkeys
  A crimson imp (D:8)
  A hound (D:6)
  2 orc priests
  A jelly (D:6)
  Jessica (D:3)
  Ijyb (D:3)
  Terence (D:3)
  Natasha (thrice) (D:2)
  2 iguanas
  8 orc wizards
  2 mummies (Ossuary)
  13 adders
  4 gnolls (D:5)
  3 river rats (Sewer)
  A shadow imp (D:8)
  4 white imps
  5 adder zombies (Ossuary)
  2 worms
  3 dart slugs (D:1)
  28 orcs
  2 bats
  9 endoplasms
  6 giant cockroaches
  5 goblins
  7 hobgoblins
  5 jackals (Sewer)
  10 quokkas
  10 ball pythons
  5 frilled lizards
  5 gnoll zombies (Ossuary)
  6 hobgoblin zombies (Ossuary)
  A jackal zombie (D:7)
  20 kobolds
  9 kobold zombies (Ossuary)
  2 orc zombies (Ossuary)
  5 rats
256 creatures vanquished.

Vanquished Creatures (others)
  A troll (D:10)
  21 plants
22 creatures vanquished.

Grand Total: 278 creatures vanquished

Notes
Turn   | Place    | Note
-------+----------+-------------------------------------------
     0 | D:1      | Alacron the Minotaur Berserker began the quest for the Orb.
     0 | D:1      | Reached XP level 1. HP: 19/19 MP: 0/0
    83 | D:1      | Reached XP level 2. HP: 27/27 MP: 1/1
   118 | D:1      | Reached skill level 4 in Axes
   517 | D:1      | Found Qeem's General Store.
   556 | D:1      | Reached XP level 3. HP: 33/33 MP: 2/2
   722 | D:1      | Gained mutation: You are vulnerable to heat. (rF-) [potion
                  | of mutation]
   722 | D:1      | Gained mutation: You are partially covered in iridescent
                  | scales. (AC +2) [potion of mutation]
   896 | D:2      | Noticed Natasha
   904 | D:2      | Killed Natasha
   910 | D:2      | Noticed Natasha
   919 | D:2      | Killed Natasha
   920 | D:2      | Reached XP level 4. HP: 25/41 MP: 3/3
   925 | D:2      | Reached ** piety under Trog
   926 | D:2      | Reached skill level 5 in Axes
  1111 | D:2      | Noticed Natasha
  1117 | D:2      | Killed Natasha
  1546 | D:3      | Noticed Terence
  1546 | D:3      | Noticed a black bear
  1549 | D:3      | Reached XP level 5. HP: 47/47 MP: 4/4
  1555 | D:3      | Killed a black bear
  1556 | D:3      | Reached skill level 6 in Axes
  1561 | D:3      | Killed Terence
  1562 | D:3      | Reached XP level 6. HP: 5/55 MP: 5/5
  1575 | D:3      | Found a faded altar of an unknown god.
  1743 | D:3      | Identified the +4 rapier of the Tomato {chaos, rElec rPois}
  1771 | D:3      | Found Ockaled's General Store.
  1837 | D:3      | Noticed Sigmund
  1843 | D:3      | Killed Sigmund
  1844 | D:3      | Reached skill level 5 in Fighting
  1844 | D:3      | Reached skill level 7 in Axes
  2066 | D:3      | Noticed Ijyb
  2067 | D:3      | Noticed Jessica
  2082 | D:3      | Killed Ijyb
  2085 | D:3      | Killed Jessica
  2086 | D:3      | Reached XP level 7. HP: 38/61 MP: 6/6
  2224 | D:3      | Found a snail-covered altar of Cheibriados.
  2745 | D:4      | Reached skill level 8 in Axes
  3098 | D:4      | Reached skill level 1 in Unarmed Combat
  3167 | D:4      | Reached *** piety under Trog
  3172 | D:4      | Found a glowing drain.
  3214 | Sewer    | Entered a sewer
  3300 | Sewer    | Reached skill level 9 in Axes
  4098 | D:5      | Entered Level 5 of the Dungeon
  4110 | D:5      | Reached XP level 8. HP: 36/68 MP: 7/7
  4327 | D:5      | Reached skill level 10 in Axes
  4391 | D:5      | Found a staircase to the Ecumenical Temple.
  4460 | Temple   | Entered the Ecumenical Temple
  4850 | D:5      | Reached skill level 11 in Axes
  4854 | D:5      | Reached **** piety under Trog
  5628 | D:7      | Found Ituria's Jewellery Shoppe.
  5632 | D:7      | Reached skill level 12 in Axes
  5704 | D:7      | Found a sand-covered staircase.
  5728 | D:7      | Reached XP level 9. HP: 26/73 MP: 8/8
  5955 | Ossuary  | Entered an ossuary
  5981 | Ossuary  | Reached skill level 13 in Axes
  6258 | D:7      | Noticed Pikel
  6274 | D:7      | Killed Pikel
  6275 | D:7      | Reached skill level 14 in Axes
  6480 | D:7      | Reached ***** piety under Trog
  7001 | D:8      | Reached skill level 5 in Armour
  7686 | D:9      | Reached skill level 15 in Axes
  7694 | D:9      | Reached XP level 10. HP: 71/84 MP: 9/9
  8041 | D:9      | Found a glowing golden altar of the Shining One.
  8044 | D:9      | Found a glowing silver altar of Zin.
  8413 | D:10     | Entered Level 10 of the Dungeon
  8604 | D:10     | Received a gift from Trog
  9574 | D:11     | Noticed a skeletal warrior
  9575 | D:11     | Noticed a skeletal warrior
  9575 | D:11     | Noticed a skeletal warrior
  9577 | D:11     | Noticed a skeletal warrior
  9592 | D:11     | HP: 6/136 [skeletal warrior/+0 short sword (3)]
  9593 | D:11     | Mangled by a skeletal warrior

Illustrated notes

Levels and vault maps discovered:
D:1:      evilmike_arrival_plus, layout_basic, serial_shops,
          nicolae_lakefront_shop, corexii_leaking_fountain
D:2:      layout_basic, minmay_between, uniq_natasha
D:3:      layout_basic, mainiacjoe_overflow_alcove_4, serial_shops,
          nicolae_shop_crystal, serial_corexii_hall, chequers_hall_statues_y,
          corexii_hall_statues_s, shapermc_ecumenical_altar_venn, uniq_ijyb,
          uniq_sigmund, uniq_terence, uniq_jessica
D:4:      layout_loops_ring, gup_sewer_entry_pipe, dk_vineyard_3
D:5:      layout_gridville, minmay_temple_entry_wispy, kennysheep_generic_room_3
D:6:      cheibrodos_quashed, layout_rooms, minivault_23
D:7:      layout_rooms, serial_shops, nicolae_shop_advertising_works
          [nicolae_subvault_shop_adworks], enter_ossuary_3,
          minmay_misc_feat_columns, uniq_pikel
D:8:      layout_loops_ring, minmay_fire_ice_demons
D:9:      layout_cave_pools, nicolae_overflow_hidden_temple
D:10:     layout_big_octagon, chequers_decorated_corner
D:11:     layout_irregular_city, dpeg_lair_monsters, serial_bayou_pond_c,
          okawaru_trees_1
Temple:   hellmonk_temple_of_storms

Skill      XL: |  1  2  3  4  5  6  7  8  9 10 |
---------------+-------------------------------+-----
Axes           | 4 5 6 7 9 12 15 | 15.7
Fighting       | 4 5 6 9 |  9.0
Armour         | 3 4 5 8 |  8.6
Dodging        | 3 |  3.0
Unarmed Combat | 1 2 |  2.3
Stealth        | |  0.5

Action                   |  1- 3 |  4- 6 |  7- 9 | 10-12 || total
-------------------------+-------+-------+-------+-------++-------
Melee: Hand axe          |    62 |    74 |   423 |    48 ||   607
       Headbutt          |     7 |     9 |    64 |    18 ||    98
       Punch             |     2 |     1 |     7 |       ||    10
       Unarmed           |       |     7 |       |       ||     7
       Executioner's axe |       |       |       |    35 ||    35
Invok: Berserk           |       |     2 |     2 |     2 ||     6
Evoke: Wand              |       |       |       |     1 ||     1
  Use: Potion            |     3 |     1 |     3 |     3 ||    10
       Scroll            |     1 |       |    15 |     8 ||    24
 Stab: Sleeping          |     1 |       |       |       ||     1
       Confused          |       |       |     1 |       ||     1
       Petrifying        |       |       |     1 |       ||     1
       Distracted        |       |       |       |     1 ||     1
Armor: Animal skin       |     5 |       |       |       ||     5
       Scale mail        |     7 |    33 |   140 |    49 ||   229
       Skin              |       |     1 |       |       ||     1
       Plate armour      |       |       |       |     3 ||     3
Dodge: Dodged            |    36 |    38 |   173 |    67 ||   314

Table legend: (Time is in decaauts)
 A = Elapsed time spent in this place.
 B = Non-inter-level travel time spent in this place.
 C = Inter-level travel time spent in this place.
 D = Time resting spent in this place.
 E = Time spent auto-exploring this place.
 F = Levels seen in this place.
 G = Mean time per level.
                   A        B        C        D        E       F      G
               +--------+--------+--------+--------+--------+-----+--------+
         Total |   9689 |   9199 |    490 |     64 |   7297 |  14 |  692.1 |
       Dungeon |   8311 |   7821 |    490 |     64 |   6444 |  11 |  755.5 |
        Temple |    156 |    156 |      0 |      0 |      0 |   1 |  156.0 |
         Sewer |    958 |    958 |      0 |      0 |    713 |   1 |  958.0 |
       Ossuary |    263 |    263 |      0 |      0 |    139 |   1 |  263.0 |
               +--------+--------+--------+--------+--------+-----+--------+

Top non-repeatable levels by time:
     D:3: 1042 daAuts
     D:5: 987 daAuts
   Sewer: 958 daAuts
    D:10: 942 daAuts
     D:8: 917 daAuts
     D:7: 848 daAuts
     D:2: 784 daAuts
     D:1: 775 daAuts
     D:9: 725 daAuts
     D:4: 712 daAuts
     D:6: 337 daAuts
 Ossuary: 263 daAuts
    D:11: 237 daAuts
  Temple: 156 daAuts
